 Dungeon Crawl Stone Soup version 0.27-a0-34-gc18c9092ac (webtiles) character file.

Game seed: 6480630984191352397

23 jesse the Magician (level 2, -3/15 HPs)
             Began as a Deep Elf Hedge Wizard on Jan 4, 2021.
             Killed from afar by Sigmund (5 damage)
             ... with a magic dart
             ... on level 2 of the Dungeon.
             The game lasted 00:10:41 (2059 turns).

jesse the Magician (Deep Elf Hedge Wizard)          Turns: 2059, Time: 00:10:42

Health: -3/15      AC:  3    Str:  7    XL:     2   Next: 75%
Magic:  7/10       EV: 13    Int: 16    God:
Gold:   81         SH:  0    Dex: 16    Spells: 11/12 levels left

rFire    . . .     SeeInvis .   a - +0 dagger
rCold    . . .     Faith    .   (no shield)
rNeg     . . .     Spirit   .   g - +0 robe (curse)
rPois    .         Reflect  .   c - +1 hat
rElec    .         Harm     .   (no cloak)
rCorr    .         Rampage  .   (no gloves)
Will     .....                  (no boots)
Stlth    ++........             (no amulet)
HPRegen  0.05/turn              (no ring)
MPRegen  0.12/turn              (no ring)

@: no status effects
A: agile 1, dopey 1, wild magic 1, evolution 1
a: no special abilities


You were on level 2 of the Dungeon.
You visited 1 branch of the dungeon, and saw 2 of its levels.

You collected 81 gold pieces.

Inventory:

Hand Weapons
 a - a +0 dagger (weapon)
Armour
 c - a +1 hat (worn)
 g - a cursed +0 robe (worn)
Scrolls
 h - 3 scrolls of enchant armour
 i - 4 scrolls of identify {unknown}
 k - 2 scrolls of remove curse {unknown}
Potions
 d - a potion of might {unknown}
 e - a potion of heal wounds


   Skills:
 - Level 2.4 Dodging
 - Level 2.4 Stealth
 + Level 5.5 Spellcasting
 + Level 1.5 Conjurations
 - Level 1.1 Summonings
 - Level 1.1 Translocations


You had 11 spell levels left.
You knew the following spells:

 Your Spells              Type           Power        Failure   Level
a - Magic Dart            Conj           48%          12%         1

Your spell library contained the following spells:

 Spells                   Type           Power        Failure   Level
 Blink                    Tloc           N/A          21%         2
 Call Imp                 Summ           10%          21%         2
 Slow                     Hex            5%           30%         2
 Conjure Flame            Conj/Fire      8%           41%         3
 Mephitic Cloud           Conj/Pois/Air  7%           43%         3


Dungeon Overview and Level Annotations

Branches:
Dungeon (2/15)

Altars:
Trog

Annotations:
D:2 1 runed translucent door, Crazy Yiuf, Sigmund, Terence


Innate Abilities, Weirdness & Mutations

You are agile. (Dex +2)
You are dopey. (Int -2)
Your spells are a little harder to cast, but a little more powerful.
You evolve.


Message History

Casting: Magic Dart (safe; 12% risk of failure)
Confirm with . or Enter, or press ? or * to list all spells.
Aiming: Magic Dart (safe; 12% risk of failure)
Press: ? - help, Shift-Dir - straight line, f/p - Sigmund
Aim: Sigmund, wielding a +0 antimagic scythe and wearing a +0 robe (moderately wounded, 0% to evade)
You miscast Magic Dart.
You are very lightly contaminated with residual magic.
Nothing appears to happen.
Sigmund points at himself and mumbles some strange words.
Sigmund flickers and vanishes!
Deactivating autopickup; reactivate with Ctrl-A.
A puff of flame appears from out of thin air!
The puff of flame hits you.
Your magical contamination has completely faded away.
A puff of flame appears from out of thin air!
The puff of flame hits you!
* * * LOW HITPOINT WARNING * * *
A magic dart appears from out of thin air!
The magic dart hits you.
You die...

#....{.....## ##.#
#.#
.....#####.#.#.##
##..# #.# ###
#.#{##.###.#.# #.#
#.#.###...##.#####.#
# #.#.#
##.###........ .
#.#.# #...........#
# # #.#.#
#############
..#.##.#.######
.....[..@.....#
.#.#....####^#
.......### #.#
###.#.# #.# #.#.#
#.# ##.#.# #.#
###....# #.#
.[....#######.###
#.@.##......#..#


There were no monsters in sight!

Vanquished Creatures
  2 worms (D:2)
  3 giant cockroaches
  2 goblins
  2 hobgoblins
  3 bats (D:2)
  A frilled lizard (D:2)
  2 kobolds (D:2)
  2 rats
17 creatures vanquished.

Notes
Turn   | Place    | Note
-------+----------+-------------------------------------------
     0 | D:1      | jesse the Deep Elf Hedge Wizard began the quest for the
                  | Orb.
     0 | D:1      | Reached XP level 1. HP: 10/10 MP: 7/7
   591 | D:2      | Reached skill level 5 in Spellcasting
   720 | D:2      | Gained mutation: You evolve. [potion of mutation]
   720 | D:2      | Gained mutation: You are dopey. (Int -2) [potion of
                  | mutation]
   720 | D:2      | Gained mutation: You are agile. (Dex +2) [potion of
                  | mutation]
   720 | D:2      | Gained mutation: Your spells are a little harder to cast,
                  | but a little more powerful. [potion of mutation]
   814 | D:2      | Found a runed translucent door.
   815 | D:2      | Noticed Crazy Yiuf
  1014 | D:1      | Reached XP level 2. HP: 8/15 MP: 5/10
  1442 | D:2      | Noticed Sigmund
  1664 | D:2      | Found a bloodstained altar of Trog.
  1911 | D:2      | Noticed Terence
  2059 | D:2      | Killed from afar by Sigmund

Illustrated notes

Levels and vault maps discovered:
D:1:      lemuel_arrival_hallway, layout_rooms
D:2:      layout_loops_ring, nrook_mini_vaults, bloody_trog, uniq_sigmund,
          uniq_terence, uniq_crazy_yiuf_cottage

Skill      XL: |  1 |
---------------+----+-----
Spellcasting   | 5 |  5.5
Dodging        | |  2.4
Stealth        | |  2.4
Conjurations   | |  1.5
Summonings     | |  1.1
Translocations | |  1.1

Action                   || total
-------------------------++-------
Melee: Dagger            ||     1
 Cast: Magic Dart        ||    90
  Use: Potion            ||     4
       Scroll            ||     4
Armor: Robe              ||     9
Dodge: Dodged            ||    24

Table legend: (Time is in decaauts)
 A = Elapsed time spent in this place.
 B = Non-inter-level travel time spent in this place.
 C = Inter-level travel time spent in this place.
 D = Time resting spent in this place.
 E = Time spent auto-exploring this place.
 F = Levels seen in this place.
 G = Mean time per level.
                   A        B        C        D        E       F      G
               +--------+--------+--------+--------+--------+-----+--------+
         Total |   2062 |   2039 |     23 |    531 |    999 |   2 | 1031.0 |
       Dungeon |   2062 |   2039 |     23 |    531 |    999 |   2 | 1031.0 |
               +--------+--------+--------+--------+--------+-----+--------+

Top non-repeatable levels by time:
     D:2: 1128 daAuts
     D:1: 934 daAuts
